 Dungeon Crawl Stone Soup version 0.16.1-51-g6203257 (webtiles) character file.

5334 namelastname112 the Martial Artist (level 10, -13/78 HPs)
             Began as a Mottled Draconian Venom Mage on Aug 5, 2015.
             Was an Elder of Qazlal.
             Killed by Ozocubu's Refrigeration
             ... invoked by Fannar
              (22 damage)
             ... on level 10 of the Dungeon.
             The game lasted 00:25:52 (15655 turns).

namelastname112 the Martial Artist (DrVM)          Turns: 15655, Time: 00:25:52

Health: -13/78     AC:  8    Str: 11    XL:     10   Next: 38%
Magic:  16/16      EV: 13    Int: 16    God:    Qazlal [****..]
Gold:   467        SH:  5    Dex: 14    Spells: 1 memorised, 12 levels left

rFire  . . .     SeeInvis .       - Unarmed
rCold  . . .     Rnd*Rage +     (armour unavailable)
rNeg   + . .     SustAb   .     (no shield)
rPois  .         Gourm    .     (helmet restricted)
rElec  .         Spirit   .     j - +0 cloak
rCorr  .         Warding  .     (no gloves)
rMut   .         Stasis   .     (no boots)
MR     .....                    g - amulet of regeneration
Stlth  +.........               (no ring)
                                C - ring of positive energy

@: short of breath, slowed, repel missiles, drained, very slow, not resistant to
hostile enchantments, very unstealthy
A: breathe sticky flames, unfitting armour, talons 1, berserk 1, regeneration 1,
cold-blooded, AC +7
a: Breathe Sticky Flame, Upheaval, Elemental Force, Renounce Religion


You were on level 10 of the Dungeon.
You worshipped Qazlal.
Qazlal was greatly pleased with you.
You were not hungry.

You visited 2 branches of the dungeon, and saw 11 of its levels.

You collected 610 gold pieces.
You spent 143 gold pieces at shops.

Inventory:

Armour
 j - a +0 cloak (worn)
 y - a +1 buckler
Jewellery
 g - an amulet of regeneration (around neck)
 o - an uncursed amulet of stasis
 C - a ring of positive energy (left hand)
Magical devices
 h - a wand of flame (21)
 n - a wand of random effects (28)
 s - a wand of lightning (2)
 t - a wand of digging (21)
 w - a wand of slowing (21)
 x - a wand of polymorph (0)
Scrolls
 a - 2 scrolls of immolation
 e - 5 scrolls of recharging
 q - 2 scrolls of identify
 r - a scroll of amnesia
Potions
 m - a potion of resistance
 p - 2 potions of haste
 u - 3 potions of brilliance
 z - a potion of cure mutation {unknown}
 B - a potion of flight {unknown}
Books
 b - a Young Poisoner's Handbook

   Spells                             Type                      Level
   a - Sting                          Conjuration/Poison           1
   b - Cure Poison                    Poison                       2
   c - Mephitic Cloud                 Conjuration/Poison/Air       3
   d - Olgreb's Toxic Radiance        Poison                       4
   e - Venom Bolt                     Conjuration/Poison           5
 i - the Papyrus of Black Rituals
   (You found it on level 7 of the Dungeon)

   Spells                             Type                      Level
   a - Animate Skeleton               Necromancy                   1
   b - Sublimation of Blood           Necromancy                   2
   c - Bolt of Draining               Conjuration/Necromancy       5
   d - Dispel Undead                  Necromancy                   5
   e - Simulacrum                     Ice/Necromancy               6
Comestibles
 c - 12 bread rations
 f - a royal jelly
 k - 6 meat rations
 l - 5 chunks of flesh
 v - 6 beef jerkies


   Skills:
 + Level 3.8(3.0) Fighting
 + Level 3.8(3.0) Dodging
 - Level 1.7(1.0) Stealth
 - Level 13.6(12.6) Unarmed Combat
 - Level 2.0(1.3) Spellcasting
 - Level 4.0(3.2) Poison Magic
 + Level 3.2(2.5) Invocations


You had 12 spell levels left.
You knew the following spells:

 Your Spells              Type           Power        Failure   Level  Hunger
z - Sting                 Conj/Pois      #...         14%         1    ##.....


Dungeon Overview and Level Annotations

Branches:
Dungeon (10/15)            Temple (1/1) D:4
   Lair: D:8-11         Orc: D:9-12

Altars:
Ashenzari
Cheibriados
Dithmenos
Elyvilon
Fedhas
Gozag
Kikubaaqudgha
Makhleb
Nemelex Xobeh
Okawaru
Qazlal
Ru
Sif Muna
Trog
Vehumet
Xom
Yredelemnul
Zin
The Shining One

Shops:
D:6 !   D:8 :

Annotations:
D:10 Fannar


Innate Abilities, Weirdness & Mutations

You can spit globs of burning liquid.
You can ignite nearby creatures when you spit burning liquid.
Your weird mottled scales are hard (AC +7).
Your body does not fit into most forms of armour.
Your cold-blooded metabolism reacts poorly to cold.
You have sharp toenails.
You tend to lose your temper in combat.
Your natural rate of healing is unusually fast.


Message History

You feel yourself slow down.
Fannar is frozen.
Fannar resists.
You see here an arrow.
Drink which item? (? for menu, Esc to quit)
You feel better.
You hear an angry hiss.
Fannar says, "Freeze!"
Fannar gestures wildly while chanting.
Read which item? (? for menu, Esc to quit)
Okay, then.
Drink which item? (? for menu, Esc to quit)
It was a potion of mutation.
You feel extremely strange.
You feel a little pissed off.
Your toenails lengthen and sharpen.
You begin to heal more quickly.
Fannar zaps a wand.
The bolt of negative energy hits you! You partially resist.
You feel drained.
* * * LOW HITPOINT WARNING * * *
Fannar gestures wildly while chanting.
Fannar drains the heat from the surrounding environment!
You feel very cold.
You die...

#. #....'...#..#
#.######)...#...#..#
.............#...#..#
.............#####..#
....................#
###..>.((...........
#Ye...(...........
#(§(..(...........
#@...............<
########(§.....####......
........§#####.# #####..
.........# #.# #..
.........# #.# #..
........# +.# #..
........# #.# #..
####....# #(# #.. #....#
..


You could see Fannar and an ice beast.

Vanquished Creatures
  Maurice (D:9)
  A steam dragon (D:9)
  A hippogriff (D:10)
  Edmund (D:8)
  A water moccasin (D:8)
  A black bear (D:6)
  3 ice beasts
  2 sky beasts
  An eye of draining (D:9)
  4 orc warriors
  A phantom (D:5)
  7 ogres
  5 centaurs
  Duvessa (D:8)
  A big kobold (D:7)
  2 giant frogs
  A water moccasin skeleton (D:6)
  5 scorpions
  4 wights (D:7)
  3 crimson imps
  2 giant frog skeletons (D:8)
  Dowan (D:8)
  A centaur zombie (D:9)
  2 goliath beetles
  8 orc priests
  2 hounds
  A jelly (D:8)
  5 iguanas
  9 worker ants
  18 orc wizards
  A hound zombie (D:6)
  2 mummies
  11 adders
  3 giant mites
  7 worms
  8 giant geckos
  3 oozes
  67 orcs
  2 bat skeletons
  A bat zombie (D:6)
  7 giant cockroaches
  17 goblins
  21 hobgoblins
  10 jackals
  28 kobolds
  5 quokkas
  13 bats
  A giant gecko skeleton (D:6)
  3 giant newts
  2 giant spores
  19 rats
  A ballistomycete (D:10)
327 creatures vanquished.

Vanquished Creatures (others)
  A ballistomycete (D:8)
1 creature vanquished.

Grand Total: 328 creatures vanquished

Notes
Turn   | Place    | Note
--------------------------------------------------------------
     0 | D:1      | namelastname112, the Draconian Venom Mage, began the quest for the Orb.
     0 | D:1      | Reached XP level 1. HP: 14/14 MP: 3/3
    40 | D:1      | Reached skill level 1 in Unarmed Combat
    97 | D:1      | Reached XP level 2. HP: 5/20 MP: 0/4
   818 | D:1      | Reached XP level 3. HP: 26/26 MP: 0/6
  2125 | D:2      | Reached XP level 4. HP: 30/33 MP: 5/7
  2281 | D:2      | Found a basalt altar of Yredelemnul.
  2286 | D:2      | Found a burning altar of Makhleb.
  3367 | D:3      | Reached XP level 5. HP: 28/38 MP: 9/9
  3421 | D:3      | Reached skill level 5 in Unarmed Combat
  3679 | D:3      | Found a glowing golden altar of the Shining One.
  4109 | D:4      | Reached skill level 6 in Unarmed Combat
  4109 | D:4      | Reached XP level 6. HP: 41/45 MP: 1/10
  4872 | D:4      | Found a staircase to the Ecumenical Temple.
  4949 | D:4      | Found a stormy altar of Qazlal.
  5006 | D:4      | Reached skill level 7 in Unarmed Combat
  5188 | D:4      | Noticed an ogre
  5206 | D:4      | Killed an ogre
  5206 | D:4      | Your scales start taking on a weird mottled pattern.
  5206 | D:4      | Reached XP level 7. HP: 37/50 MP: 9/12
  5393 | D:5      | Entered Level 5 of the Dungeon
  5418 | D:5      | Found a shimmering altar of Xom.
  5420 | D:5      | Found a shimmering altar of Xom.
  5539 | D:5      | Reached skill level 8 in Unarmed Combat
  6209 | D:5      | Reached skill level 9 in Unarmed Combat
  6597 | D:5      | Reached XP level 8. HP: 36/57 MP: 9/13
  7089 | D:5      | Reached skill level 10 in Unarmed Combat
  7165 | Temple   | Entered the Ecumenical Temple
  7247 | Temple   | Became a worshipper of Qazlal Stormbringer
  7296 | D:6      | Found Ymikonk's Distillery.
  7312 | D:6      | Bought a potion of heal wounds for 55 gold pieces
  7312 | D:6      | Bought a potion of curing for 33 gold pieces
  7312 | D:6      | Bought a potion of heal wounds for 55 gold pieces
  7738 | D:6      | Reached skill level 11 in Unarmed Combat
  8202 | D:6      | Acquired Qazlal's first power
  8453 | D:6      | Found a shattered altar of Ashenzari.
  8475 | D:6      | Reached XP level 9. HP: 30/62 MP: 14/14
  9528 | D:6      | Acquired Qazlal's second power
  9741 | D:7      | Reached skill level 12 in Unarmed Combat
  9949 | D:7      | Found a sparkling altar of Nemelex Xobeh.
  9952 | D:7      | Found a snail-covered altar of Cheibriados.
  9953 | D:7      | Found a radiant altar of Vehumet.
  9954 | D:7      | Found a shadowy altar of Dithmenos.
  9957 | D:7      | Found an opulent altar of Gozag.
  9958 | D:7      | Found an ancient bone altar of Kikubaaqudgha.
  9958 | D:7      | Found a sacrificial altar of Ru.
 10945 | D:7      | Identified the Papyrus of Black Rituals
 12106 | D:8      | Reached skill level 13 in Unarmed Combat
 12255 | D:8      | Noticed Edmund
 12268 | D:8      | Killed Edmund
 12733 | D:8      | Found Maiplel's Book Shop.
 12747 | D:8      | Acquired Qazlal's third power
 13041 | D:8      | Noticed Duvessa
 13041 | D:8      | Noticed Dowan
 13045 | D:8      | Killed Dowan
 13057 | D:8      | Killed Duvessa
 13115 | D:8      | Reached skill level 1 in Fighting
 13339 | D:8      | Reached XP level 10. HP: 66/72 MP: 16/16
 14310 | D:9      | Reached skill level 1 in Invocations
 14663 | D:9      | Found a bloodstained altar of Trog.
 14890 | D:9      | Found a deep blue altar of Sif Muna.
 15005 | D:9      | Noticed Maurice
 15458 | D:9      | Killed Maurice
 15458 | D:9      | Acquired Qazlal's fourth power
 15550 | D:10     | Entered Level 10 of the Dungeon
 15644 | D:10     | Noticed Fannar
 15655 | D:10     | Gained mutation: You tend to lose your temper in combat. [potion of mutation]
 15655 | D:10     | Gained mutation: You have sharp toenails. [potion of mutation]
 15655 | D:10     | Gained mutation: Your natural rate of healing is unusually fast. [potion of mutation]
 15655 | D:10     | Killed from afar by Fannar

Action                   |  1- 3 |  4- 6 |  7- 9 | 10-12 || total
-------------------------+-------+-------+-------+-------++-------
Melee: Unarmed           |   135 |   141 |   456 |   146 ||   878
       Dagger            |       |   108 |   100 |       ||   208
 Cast: Sting             |    52 |   134 |    62 |     4 ||   252
 Abil: Breathe Sticky Fl |       |       |    14 |     5 ||    19
Evoke: Wand              |       |       |     2 |       ||     2
  Use: Potion            |       |     7 |     2 |     3 ||    12
       Scroll            |       |       |    14 |     1 ||    15
 Stab: Sleeping          |     1 |       |       |       ||     1
  Eat: Chunk             |     5 |    13 |    28 |     7 ||    53
       Pizza             |       |       |     1 |       ||     1
       Beef jerky        |       |       |       |     1 ||     1
